Map: Proxima Station LE

Players

herO - Winner!

  • Race: Protoss Protoss
  • League: Master
  • Spawn Location: 1:00

Rogue

  • Race: Zerg Zerg
  • Spawn Location: 7:00

VOD

Have the link to the VOD?

Description

Time

  • Played on: July 30, 2017, 12:33 a.m.
  • Length: 8:48
Show
View Real Time Build Order
Export as new Build Order

herO Protoss - Winner!

Build Orders: 1 Gate Expand, Oracle Opening 

Get SALT Encoding   

  12  0:01  Probe (Chrono Boost)  
  13  0:11  Probe (Chrono Boost)  
  14  0:17  Pylon  
  14  0:22  Probe (Chrono Boost)  
  16  0:35  Probe (Chrono Boost)  
  16  0:38  Gateway  
  16  0:42  Assimilator  
  16  0:46  Probe (Chrono Boost)  
  17  0:56  Probe (Chrono Boost)  
  18  1:07  Probe (Chrono Boost)  
  19  1:20  Nexus  
  19  1:30  Cybernetics Core  
  19  1:34  Probe (Chrono Boost)  
  19  1:39  Assimilator  
  20  1:44  Probe (Chrono Boost)  
  21  1:49  Pylon  
  21  1:55  Probe (Chrono Boost)  
  22  2:05  Probe (Chrono Boost)  
  22  2:08  Adept (Chrono Boost)  
  25  2:13  Stargate  
  25  2:17  Probe  
  25  2:19  Warp Gate  
  26  2:29  Probe  
  27  2:31  Adept (Chrono Boost), Probe  
  30  2:41  Probe (Chrono Boost)  
  30  2:42  Probe (Chrono Boost)  
  32  2:53  Probe x2 (Chrono Boost)  
  32  2:56  Adept  
  36  2:59  Oracle (Chrono Boost)  
  39  3:05  Probe  
  39  3:07  Probe  
  39  3:12  Pylon  
  41  3:16  Probe  
  41  3:19  Probe  
  43  3:26  Probe  
  43  3:30  Oracle (Chrono Boost)  
  43  3:31  Probe  
  48  3:35  Gateway  
  48  3:38  Gateway  
  48  3:40  Probe  
  48  3:43  Probe (Chrono Boost)  
  52  3:58  Pylon  
  52  4:07  Nexus, Probe  
  52  4:09  Probe  
  54  4:15  Pylon  
  54  4:19  Pylon, Probe (Chrono Boost)  
  54  4:21  Probe (Chrono Boost)  
  54  4:33  Probe x2 (Chrono Boost)  
  54  4:35  Pylon  
  54  4:36  Adept x3  
  62  4:44  Mothership Core (Chrono Boost), Probe (Chrono Boost)  
  62  4:45  Assimilator  
  65  4:46  Pylon, Assimilator  
  65  4:52  Twilight Council  
  65  4:58  Robotics Facility  
  64  5:18  Resonating Glaives  
  64  5:19  Adept x2  
  67  5:21  Probe x2 (Chrono Boost)  
  69  5:33  Gateway  
  69  5:37  Gateway  
  69  5:38  Gateway  
  69  5:40  Adept x2  
  73  5:46  Gateway  
  73  5:48  Gateway  
  73  5:49  Warp Prism (Chrono Boost)  
  75  6:01  Adept x2  
  79  6:10  Pylon  
  79  6:18  Probe  
  79  6:19  Pylon x2, Probe  
  79  6:20  Probe  
  82  6:31  Adept x3  
  82  6:32  Adept x2  
  92  6:34  Probe  
  92  6:35  Probe x2  
  95  6:40  Pylon  
  95  6:41  Pylon  
  95  6:53  Adept x6  
  107  6:55  Adept  
  83  7:17  Adept x8  
  83  7:37  Adept x7  
  83  7:39  Adept  
  79  8:02  Adept x4  
  79  8:03  Adept x4  
  87  8:36  Adept x8  
Show
View Real Time Build Order
Export as new Build Order

Rogue Zerg 

Build Orders: 3 Hatch before Pool 

Get SALT Encoding   

  12  0:00  Drone  
  13  0:12  Overlord  
  13  0:17  Drone  
  14  0:31  Drone x2  
  14  0:35  Drone  
  17  0:55  Hatchery, Drone  
  17  0:58  Drone  
  18  1:17  Hatchery  
  17  1:21  Drone  
  17  1:24  Drone  
  19  1:35  Extractor  
  19  1:38  Spawning Pool  
  17  1:41  Drone  
  17  1:44  Drone  
  19  1:52  Drone  
  20  2:02  Drone  
  20  2:07  Drone  
  22  2:11  Drone  
  23  2:18  Drone  
  24  2:25  Queen  
  24  2:26  Queen  
  24  2:28  Overlord  
  28  2:36  Queen  
  30  2:39  Metabolic Boost  
  30  2:41  Zergling x2  
  31  2:44  Zergling x2  
  31  2:48  Drone  
  31  2:51  Drone  
  34  2:52  Drone  
  34  2:54  Drone  
  34  2:58  Drone x2  
  38  3:11  Drone  
  38  3:12  Drone x2  
  40  3:14  Overlord  
  40  3:20  Drone  
  40  3:22  Overlord  
  40  3:34  Spore Crawler x2  
  40  3:36  Zergling x4  
  40  3:37  Drone x2  
  40  3:38  Drone x3  
  45  3:41  Spore Crawler  
  40  3:49  Drone x2  
  40  3:50  Drone  
  40  3:53  Drone  
  42  4:01  Drone x4  
  46  4:06  Drone x2  
  46  4:07  Drone  
  49  4:10  Drone  
  49  4:12  Drone x2  
  52  4:17  Overlord, Evolution Chamber  
  52  4:21  Drone  
  52  4:22  Drone  
  53  4:29  Zergling x8  
  57  4:31  Overlord  
  57  4:38  Drone x5  
  61  4:45  Drone  
  63  4:49  Zergling x4  
  65  4:54  Zergling x6  
  65  4:55  Zerg Melee Weapons Level 1, Lair  
  65  4:57  Drone  
  65  4:59  Overlord  
  69  5:02  Zergling x6  
  69  5:05  Zergling x2  
  73  5:11  Overlord  
  73  5:18  Drone  
  73  5:20  Drone x7  
  78  5:22  Drone  
  78  5:24  Drone  
  78  5:28  Drone  
  78  5:32  Extractor  
  78  5:34  Extractor, Drone x2  
  78  5:35  Extractor  
  77  5:36  Extractor  
  77  5:38  Drone x3  
  77  5:39  Extractor  
  75  5:44  Drone x4  
  75  5:49  Baneling Nest  
  78  5:55  Queen  
  80  5:58  Overlord  
  80  5:59  Hatchery  
  80  6:01  Zergling x6  
  84  6:06  Hydralisk Den  
  84  6:09  Drone x3  
  86  6:11  Overseer  
  86  6:21  Drone x2  
  86  6:22  Drone  
  86  6:23  Zergling x2  
  89  6:26  Hatchery  
  89  6:28  Spine Crawler  
  89  6:29  Spine Crawler  
  89  6:30  Zergling x6  
  90  6:33  Baneling  
  90  6:34  Baneling x12  
  90  6:37  Centrifical Hooks  
  90  6:39  Spine Crawler  
  90  6:42  Baneling x3  
  90  6:44  Zergling x10  
  94  6:51  Drone  
  94  6:52  Zergling x2  
  94  6:53  Muscular Augments  
  96  6:58  Zergling x2  
  96  6:59  Overlord x3  
  97  7:03  Baneling x6  
  92  7:12  Drone  
  92  7:15  Zergling x8  
  82  7:16  Zergling x12  
  82  7:18  Baneling x2  
  89  7:24  Zergling x8  
  88  7:30  Zergling x6  
  88  7:31  Spine Crawler  
  87  7:37  Zergling x4  
  87  7:39  Baneling x2  
  87  7:40  Baneling x3  
  78  7:45  Zergling x2  
  70  7:51  Zergling x2  
  70  7:52  Zergling x4  
  67  7:59  Zergling x2  
  67  8:00  Zergling x4  
  67  8:02  Queen x3  
  72  8:07  Baneling x3  
  72  8:08  Zergling x2  
  72  8:11  Zergling x2  
  72  8:12  Baneling x2  
  70  8:13  Baneling x2, Zergling x2  
  70  8:19  Zergling x2  
  65  8:20  Zergling x4  
  52  8:29  Zergling x2  
  52  8:30  Zergling x2  
Tags
 
Add a new tag
Caveats
  • Supply blocks, unpowered buildings, or Contaminate may cause inaccurate times.
  • Supply counts are checked every 10 seconds.